 Dungeon Crawl Stone Soup version 0.14-a0-1721-g84c87b2 (webtiles) character file.

169 Mitsuki the Changer (level 3, 0/28 HPs)
             Began as a Lava Orc Transmuter on Jan 2, 2014.
             Slain by an orc
             ... wielding a -1,+0 orcish short sword
              (2 damage)
             ... on Level 3 of the Dungeon.
             The game lasted 00:10:30 (1506 turns).

Mitsuki the Changer (Lava Orc Transmuter)           Turns: 1506, Time: 00:10:30

HP   0/28        AC  2     Str 12      XL: 3   Next: 92%
MP   1/5         EV 12     Int 14      God:
Gold 104         SH  0     Dex 11      Spells:  2 memorised,  1 level left

rFire  + + +     SeeInvis +       - Unarmed
rCold  x . .     Clarity  .     c - +0 orc robe
rNeg   . . .     Conserve .     (no shield)
rPois  .         rCorr    .     (no helmet)
rElec  .         rRot     .     (no cloak)
SustAb . .       Spirit   .     (no gloves)
rMut   .         Warding  .     (no boots)
Saprov + . .     Stasis   .     (no amulet)
                                (no ring)
                                l - ring of see invisible

@: very slightly contaminated, not resistant to hostile enchantments, unstealthy
A: conserve scrolls, saprovore 1
a: no special abilities


You were on level 3 of the Dungeon.
You were not hungry.

You visited 1 branch of the dungeon, and saw 3 of its levels.

You collected 104 gold pieces.

Inventory:

Missiles
 b - 12 arrows
Armour
 c - a +0 orcish robe (worn)
Comestibles
 a - a meat ration
 f - a pear
Scrolls
 h - 2 scrolls of remove curse {unknown}
 i - a scroll of enchant weapon II {unknown}
 j - a scroll of recharging {unknown}
 k - a scroll of enchant armour {unknown}
 m - a scroll of magic mapping {unknown}
 o - a scroll of immolation {unknown}
 r - 2 scrolls of amnesia {unknown}
Jewellery
 e - an uncursed amulet of resist mutation
 l - a ring of see invisible (left hand)
 n - an uncursed ring of invisibility
Potions
 g - a potion of resistance
 q - a potion of curing
Books
 d - a book of Changes

   Spells                             Type                      Level
   *Beastly Appendage                 Transmutation                1
   Sticks to Snakes                   Transmutation                2
   *Spider Form                       Transmutation/Poison         3
   Ice Form                           Ice/Transmutation            4
   Blade Hands                        Transmutation                5


   Skills:
 - Level 1.2 Fighting
 - Level 1.8 Dodging
 - Level 3.4 Unarmed Combat
 + Level 1.6 Spellcasting
 + Level 5.1 Transmutations
 + Level 0.1 Poison Magic


You had one spell level left.
You knew the following spells:

 Your Spells              Type           Power        Failure   Level  Hunger
a - Beastly Appendage     Trmt           ###...       2%          1    ##.....
b - Spider Form           Trmt/Pois      #.........   24%         3    ####...


Dungeon Overview and Level Annotations

Branches:
Dungeon (3/16)

Altars:


Innate Abilities, Weirdness & Mutations

You have stony skin.
Your flesh is almost immune to the effects of heat.
Your fire spells are more powerful.
Your flesh is vulnerable to cold.
Your heat harms attackers.
You bathe your surroundings in blazing heat.
You are too hot to use scrolls.
You are very good at protecting items from fire.
You can tolerate rotten meat.


Message History

The orc barely misses you. The orc wizard casts a spell at you.
The puff of frost hits you!
You feel a terrible chill!
You barely miss the orc wizard.
The orc wizard is almost dead.
The orc wizard barely misses you.
The orc hits you with an orcish short sword.
* * * LOW HITPOINT WARNING * * *
The orc appears unharmed.
The orc hits you with an orcish whip.
* * * LOW HITPOINT WARNING * * *
The orc is singed by your heat.
The orc is heavily wounded.
The orc wizard casts a spell at you. The puff of flame hits you! You resist.
* * * LOW HITPOINT WARNING * * *
You closely miss the orc wizard.
The orc wizard is almost dead.
You're getting fired up.
The orc hits you with an orcish short sword.
You die...

#.#######...# . ###.#
#.# #.# #.# #.# #.# #.#
#.# #%## # #.# #...
#..#####.###########...
#...oo@................
#....oo.......##.#.....
##..####$.###...#......
#.. #..# #.#.##.. ...
#..# ###.#.##..
###.#####))####.........
#........)....#.......
#######..########.##.#
..................##.#


You could see an orc wizard (invisible) and 3 orcs.

Vanquished Creatures
  2 adders
  A worm (D:2)
  An orc (D:3)
  5 bats
  A giant cockroach (D:1)
  7 hobgoblins
  4 jackals (D:3)
  2 ball pythons (D:1)
  2 giant newts (D:1)
  6 goblins
  4 kobolds
  4 rats
39 creatures vanquished.

Notes
Turn   | Place    | Note
--------------------------------------------------------------
     0 | D:1      | Mitsuki, the Lava Orc Transmuter, began the quest for the Orb.
     0 | D:1      | Reached XP level 1. HP: 16/16 MP: 2/2
   207 | D:1      | Reached XP level 2. HP: 21/23 MP: 1/3
   798 | D:2      | Reached skill level 4 in Transmutations
   798 | D:2      | Reached XP level 3. HP: 21/28 MP: 3/5
   803 | D:2      | Learned a level 3 spell: Spider Form
  1419 | D:3      | Reached skill level 5 in Transmutations
  1506 | D:3      | Slain by an orc

Action                   || total
-------------------------++-------
Melee: Unarmed           ||   150
 Cast: Beastly Appendage ||    13
       Spider Form       ||     6
  Use: Potion            ||     6
       Scroll            ||     3
